Map: Data-C

Players

VulgarLAB

  • Race: Protoss Protoss
  • League: Gold
  • Spawn Location: 9:00

MattBarry - Winner!

  • Race: Zerg Zerg
  • League: Silver
  • Spawn Location: 3:00

VOD

Have the link to the VOD?

Description

Time

  • Played on: Jan. 20, 2023, 4:09 p.m.
  • Length: 20:38
Show
View Real Time Build Order
Export as new Build Order

VulgarLAB Protoss 

Build Orders: Zealot Archon 

Get SALT Encoding   

  12  0:00  Probe  
  13  0:12  Probe  
  14  0:18  Pylon  
  14  0:24  Probe  
  15  0:36  Gateway  
  15  0:45  Assimilator  
  15  0:46  Probe  
  16  0:58  Probe  
  17  1:10  Probe  
  18  1:12  Assimilator  
  18  1:22  Probe  
  19  1:29  Cybernetics Core  
  19  1:36  Probe  
  20  1:48  Probe  
  21  1:58  Gateway  
  21  2:03  Pylon  
  21  2:05  Warp Gate  
  21  2:08  Robotics Facility  
  21  2:10  Adept (Chrono Boost)  
  21  2:11  Twilight Council  
  23  2:23  Probe  
  24  2:31  Pylon  
  24  2:32  Adept  
  26  2:45  Adept, Resonating Glaives (Chrono Boost)  
  28  3:04  Robotics Facility  
  28  3:10  Adept (Chrono Boost)  
  30  3:28  Adept (Chrono Boost)  
  32  3:48  Nexus  
  32  3:51  Warp Prism  
  34  3:58  Sentry  
  34  4:01  Zealot  
  38  4:12  Pylon  
  32  5:00  Probe  
  29  5:07  Gateway  
  29  5:08  Adept x2  
  29  5:09  Gateway  
  29  5:10  Gateway  
  29  5:12  Probe  
  34  5:15  Shield Battery  
  34  5:30  Charge (Chrono Boost)  
  34  5:31  Stargate  
  34  5:38  Templar Archives  
  34  5:42  Adept  
  30  6:01  Adept  
  32  6:17  Adept  
  28  6:25  High Templar  
  28  6:29  Gateway  
  28  6:31  Gateway  
  30  6:33  Shield Battery  
  30  6:39  Adept  
  32  6:53  High Templar  
  34  7:05  Archon  
  34  7:08  Sentry  
  32  7:26  Zealot x3  
  38  7:54  Pylon  
  38  7:57  Pylon  
  38  8:03  Nexus  
  38  8:12  Warp Prism  
  40  8:30  High Templar x2  
  44  8:34  High Templar x2  
  44  8:38  Archon x2  
  48  9:16  High Templar  
  50  9:28  Nexus  
  50  9:30  Assimilator  
  50  9:33  Pylon  
  50  9:35  Assimilator  
  50  9:39  Pylon  
  50  9:44  Zealot x2  
  54  9:52  Zealot  
  56  10:20  Zealot x2  
  56  10:21  Zealot  
  60  10:28  Probe  
  57  10:37  High Templar  
  57  10:42  Probe  
  60  10:45  Archon  
  60  10:47  Sentry  
  60  10:49  Sentry  
  64  10:54  Probe  
  65  10:57  Probe  
  66  11:06  Probe  
  66  11:07  Zealot  
  69  11:18  Zealot  
  69  11:19  Zealot  
  69  11:22  High Templar  
  75  11:27  High Templar  
  75  11:31  Archon  
  77  11:57  Zealot x3  
  63  12:27  High Templar  
  63  12:28  High Templar x3  
  59  12:31  Probe x2  
  59  12:33  Archon x2  
  59  12:37  Immortal (Chrono Boost), Shield Battery  
  61  12:39  Shield Battery  
  65  12:52  Pylon  
  65  12:57  Gateway  
  65  12:59  Gateway  
  65  13:09  Zealot x4  
  73  13:30  Probe  
  73  13:31  Probe  
  69  13:36  Immortal  
  69  13:39  Zealot  
  73  13:41  Zealot  
  73  13:42  Probe  
  73  13:43  Probe  
  77  13:54  Probe  
  78  14:03  High Templar x3  
  78  14:04  High Templar  
  78  14:07  Archon  
  78  14:08  Archon  
  86  14:15  Immortal  
  90  14:20  Gateway  
  90  14:43  Nexus  
  90  14:46  Zealot, Pylon  
  92  14:58  Zealot  
  94  15:02  Observer  
  93  15:08  Pylon  
  93  15:11  Pylon  
  93  15:17  Robotics Facility  
  93  15:22  Zealot x3  
  93  15:23  Zealot  
  101  15:35  High Templar  
  101  15:36  High Templar  
  105  15:43  Sentry x3  
  81  16:22  Pylon  
  81  16:25  High Templar  
  81  16:26  High Templar x2  
  81  16:28  Zealot x2  
  81  16:29  Zealot  
  93  16:34  Pylon  
  93  16:36  Assimilator  
  93  16:39  Assimilator  
  93  16:41  Immortal  
  93  16:44  Archon  
  97  17:00  Zealot  
  97  17:01  Zealot x4  
  107  17:22  Zealot x4  
  111  17:23  Zealot x2  
  111  17:40  Gateway  
  97  17:54  Robotics Bay  
  97  17:57  Immortal  
  101  18:02  Probe x2  
  101  18:04  Probe  
  104  18:11  High Templar  
  104  18:12  High Templar  
  108  18:15  Archon  
  108  18:17  Archon  
  108  18:36  High Templar  
  108  18:37  Zealot  
  108  18:38  Zealot x2  
  116  18:42  Disruptor (Chrono Boost)  
  119  18:54  Zealot x2  
  123  18:56  Zealot  
  123  19:21  Zealot x2  
  123  19:22  Zealot x5  
  137  19:42  Gateway  
  137  19:43  Pylon  
  137  19:46  Gateway  
  137  19:48  Gateway  
  77  20:25  Zealot x2  
  77  20:26  Zealot x4  
  77  20:27  Zealot  
Show
View Real Time Build Order
Export as new Build Order

MattBarry Zerg - Winner!

Build Orders: Pool First 

Get SALT Encoding   

  12  0:00  Drone  
  13  0:12  Drone  
  14  0:25  Extractor  
  14  0:27  Extractor, Drone x2  
  15  0:42  Spawning Pool  
  14  0:46  Overlord  
  14  0:57  Extractor  
  14  0:58  Drone  
  15  1:19  Hatchery  
  15  1:23  Drone  
  15  1:32  Zergling x2  
  16  1:33  Zergling x2  
  17  1:41  Metabolic Boost  
  17  1:46  Zergling x2  
  18  1:58  Drone  
  18  2:00  Queen  
  21  2:08  Drone  
  22  2:20  Overlord  
  22  2:23  Extractor  
  22  2:25  Evolution Chamber  
  22  2:27  Drone  
  22  2:34  Queen  
  24  2:46  Zergling x6  
  27  3:00  Zergling x6  
  27  3:01  Zergling x2  
  31  3:12  Zergling x8  
  34  3:27  Baneling Nest  
  33  3:34  Drone x2  
  33  3:37  Overlord  
  35  3:52  Hatchery  
  34  4:07  Drone  
  34  4:08  Drone x3  
  38  4:11  Drone x2  
  38  4:13  Zergling x2  
  41  4:28  Evolution Chamber  
  41  4:30  Baneling  
  41  4:31  Baneling x5  
  40  4:34  Baneling  
  38  4:38  Zergling x2  
  38  4:39  Zergling x2  
  31  4:58  Zergling x6  
  31  4:59  Zergling x6  
  30  5:08  Zergling x2  
  31  5:22  Queen  
  33  5:28  Drone  
  34  5:56  Zergling x2  
  32  5:57  Zergling x10  
  33  6:28  Drone x5  
  33  6:29  Roach Warren  
  37  6:40  Baneling  
  37  6:41  Baneling x4  
  37  6:42  Baneling  
  37  6:44  Baneling  
  29  7:17  Roach x6  
  36  7:53  Spore Crawler  
  36  7:54  Spore Crawler  
  36  7:55  Drone x2  
  36  7:56  Drone x2  
  38  8:05  Lair  
  38  8:10  Drone  
  39  8:15  Drone  
  40  8:27  Drone  
  40  8:28  Drone x2  
  43  8:48  Drone x6  
  46  9:08  Drone x4  
  46  9:09  Overlord  
  50  9:10  Overlord  
  50  9:15  Glial Reconstitution  
  50  9:20  Zerg Missile Weapons Level 1  
  50  9:45  Hatchery  
  49  9:47  Spine Crawler  
  49  9:49  Drone  
  49  9:50  Spine Crawler, Drone x3  
  51  9:56  Roach x2  
  50  10:27  Queen  
  52  10:29  Roach  
  52  10:30  Roach x5  
  64  10:40  Queen  
  64  10:42  Overlord  
  66  10:57  Drone x2  
  66  10:58  Drone x4  
  66  11:01  Zergling x2  
  66  11:02  Zergling x6  
  66  11:03  Zergling x2  
  77  11:11  Queen  
  79  11:21  Drone  
  79  11:22  Overlord x2  
  79  11:23  Overlord  
  80  11:31  Extractor  
  79  11:33  Extractor  
  77  11:46  Roach  
  78  11:47  Roach x6  
  90  11:58  Drone x5  
  95  12:11  Zergling x6  
  87  12:30  Drone x4  
  87  12:31  Drone x2  
  87  12:32  Drone  
  94  12:38  Zerg Ground Armor Level 1  
  94  12:42  Evolution Chamber  
  93  12:45  Hydralisk Den  
  93  12:49  Hydralisk Den  
  91  12:54  Drone  
  91  12:56  Zergling x2  
  91  12:57  Zergling x4  
  94  13:08  Drone  
  94  13:10  Overlord  
  93  13:42  Hydralisk  
  93  13:43  Hydralisk x4  
  93  13:45  Overlord x2  
  93  13:46  Overlord  
  103  13:59  Spore Crawler, Overseer  
  103  14:00  Overseer  
  102  14:08  Pneumatized Carapace  
  102  14:11  Hydralisk  
  102  14:12  Hydralisk  
  102  14:14  Grooved Spines  
  102  14:15  Hydralisk, Muscular Augments  
  102  14:16  Overlord x2  
  108  14:17  Drone  
  108  14:18  Drone x2  
  108  14:19  Drone x7  
  108  14:20  Drone x2  
  108  14:22  Extractor  
  119  14:26  Extractor  
  118  14:37  Hydralisk x3  
  124  14:43  Hatchery  
  123  15:09  Roach x6  
  123  15:10  Overlord x3  
  135  15:24  Zergling x2  
  135  15:26  Overlord x2  
  136  15:35  Zergling x4, Drone  
  138  15:36  Zergling x4  
  106  16:05  Roach  
  106  16:06  Roach x13  
  127  16:19  Roach x2  
  127  16:20  Roach x3  
  127  16:25  Queen  
  139  16:40  Roach x2  
  139  16:41  Roach x4  
  139  16:42  Overlord  
  151  16:50  Spire  
  150  16:55  Infestation Pit, Zerg Missile Weapons Level 2  
  150  16:59  Zerg Ground Armor Level 2  
  149  17:04  Hydralisk x2  
  149  17:05  Hydralisk x2  
  157  17:22  Spine Crawler  
  149  17:44  Queen x2  
  150  17:51  Drone  
  150  17:52  Drone x5  
  150  17:53  Drone x2, Overlord  
  150  17:54  Overlord  
  158  18:32  Drone x3  
  158  18:33  Drone  
  158  18:34  Roach x8  
  164  18:35  Roach x6  
  164  18:39  Hive  
  190  18:49  Extractor  
  190  18:50  Extractor  
  188  19:10  Hydralisk, Hatchery  
  188  19:11  Hydralisk x5  
  199  19:21  Ravager  
  186  20:15  Roach x3  
  186  20:16  Roach x3  
Tags
 
Composition
Zealot Archon
Matchup
PvZ
Opening
Pool First
Replay Pack
Multiplayer
Spawn Locations
Cross Positions
Add a new tag
Caveats
  • Supply blocks, unpowered buildings, or Contaminate may cause inaccurate times.
  • Supply counts are checked every 10 seconds.